 Dungeon Crawl Stone Soup version 0.18-a0-1799-g6250cb2 (webtiles) character file.

79 poirepourri the Shield-Bearer (level 4, -4/28 HPs)
             Began as a Gargoyle Fighter on Apr 23, 2016.
             Killed by nerve-wracking pain
             ... invoked by Grinder
              (13 damage)
             ... while paralysed by Grinder
             ... on level 3 of the Dungeon.
             The game lasted 00:03:01 (1424 turns).

poirepourri the Shield-Bearer (Gargoyle Fighter)    Turns: 1424, Time: 00:03:02

Health: -4/28      AC: 11    Str: 30    XL:     4   Next: 38%
Magic:  4/4        EV:  2    Int:  8    God:
Gold:   75         SH:  0    Dex: 11    Spells: 0 memorised, 3 levels left

rFire  . . .     SeeInvis .     a - +1 flail
rCold  . . .     Gourm    .     b - +0 scale mail
rNeg   + . .     Faith    .     c - +1 shield
rPois  ∞         Spirit   .     (helmet restricted)
rElec  +         Dismiss  .     (no cloak)
rCorr  .         Reflect  .     (no gloves)
SustAt .         Harm     .     m - +0 pair of boots
MR     .....     Clarity  +     (no amulet)
Stlth  ..........               (no ring)
                                p - +4 ring of strength

@: paralysed, mighty, not resistant to hostile enchantments, extremely
unstealthy
A: horns 1, thin skeletal structure 1, clarity, negative energy resistance 1,
electricity resistance, unbreathing, petrification resistance, rot immunity, AC
+3
a: no special abilities


You were on level 3 of the Dungeon.
You were not hungry.

You visited 1 branch of the dungeon, and saw 3 of its levels.

You collected 75 gold pieces.

Inventory:

Hand Weapons
 a - a +1 flail (weapon)
Armour
 b - a +0 scale mail (worn)
 c - a +1 shield (worn)
 m - a +0 pair of boots (worn)
Jewellery
 p - a +4 ring of strength (left hand)
Scrolls
 e - 2 scrolls of remove curse
 i - a scroll of amnesia
 j - a scroll of teleportation
 n - a scroll of fear
 q - a scroll of identify
Potions
 g - a potion of curing
 h - a potion of lignification
Comestibles
 f - 3 bread rations
 l - a slice of pizza
 o - a beef jerky


   Skills:
 + Level 3.6 Fighting
 + Level 2.2 Maces & Flails
 + Level 3.8 Armour
 + Level 1.0 Dodging
 + Level 4.3 Shields


You had 3 spell levels left.
You didn't know any spells.

Dungeon Overview and Level Annotations

Branches:
Dungeon (3/15)

Altars:
Okawaru
Pakellas

Annotations:
D:3 Grinder


Innate Abilities, Weirdness & Mutations

You are resistant to torment.
Your stone body is resilient (AC +3).
You are immune to poison.
You resist negative energy.
You are resistant to electric shocks.
You can survive without breathing.
You are immune to petrification.
You are immune to rotting.
You have a pair of small horns on your head.
You have a somewhat thin skeletal structure (Dex +2, Stealth).
You possess an exceptional clarity of mind.


Message History

Pain shoots through your body!
* * * LOW HITPOINT WARNING * * *
You can move again.
Unknown command.
Drink which item? (? for menu, Esc to quit)
It was a potion of mutation.
You feel extremely strange. A pair of horns grows on your head!
Your bones become slightly less dense.
Your thoughts seem clearer.
You block Grinder's attack.
You sock Grinder! Your headbutt misses Grinder.
Grinder is severely wounded.
Grinder drinks a potion.
Grinder is healed!
You sock Grinder! Your headbutt misses Grinder.
Grinder is moderately wounded.
Grinder blinks!
Grinder gestures at you.
You suddenly lose the ability to move!
Grinder gestures at you. Pain shoots through your body!
You die...

# .. .# # .. ..#
#### #. ######...
.... .. ...(....# ##
.## #. ##.......# #
..?.##. .........# #
#..5>#######.......#
# #.....@.†........#
#..#######.......##
#... #.)......###
...#. #..........#
....... #.....<.##.#
.... ..
##########.## ###
... #..## ... ##...
####


You could see Grinder.

Vanquished Creatures
  2 adders
  An ooze (D:3)
  A worm (D:2)
  3 dart slugs
  3 giant geckos
  A ball python (D:1)
  2 giant cockroaches
  4 goblins
  5 hobgoblins (D:1)
  4 jackals (D:3)
  7 bats
  6 kobolds
  6 rats
45 creatures vanquished.

Notes
Turn   | Place    | Note
--------------------------------------------------------------
     0 | D:1      | poirepourri the Gargoyle Fighter began the quest for the Orb.
     0 | D:1      | Reached XP level 1. HP: 14/14 MP: 1/1
   137 | D:1      | Reached XP level 2. HP: 19/19 MP: 2/2
   270 | D:1      | Reached XP level 3. HP: 23/23 MP: 3/3
   721 | D:2      | Reached skill level 4 in Shields
   761 | D:2      | Found an iron altar of Okawaru.
   791 | D:2      | Reached skill level 1 in Dodging
  1138 | D:2      | Found an oddly glowing altar of Pakellas.
  1247 | D:3      | Reached XP level 4. HP: 28/28 MP: 4/4
  1394 | D:3      | Noticed Grinder
  1395 | D:3      | Paralysed by Grinder for 5 turns
  1409 | D:3      | Paralysed by Grinder for 6 turns
  1418 | D:3      | Gained mutation: You have a pair of small horns on your head. [potion of mutation]
  1418 | D:3      | Gained mutation: You have a somewhat thin skeletal structure (Dex +2, Stealth). [potion of mutation]
  1418 | D:3      | Gained mutation: You possess an exceptional clarity of mind. [potion of mutation]
  1423 | D:3      | Paralysed by Grinder for 2 turns
  1424 | D:3      | Killed from afar by Grinder

Vault maps used:
D:1:      scummos_arrival_star
D:2:      lemuel_coloured_pillars_altar, first_bread, serial_park_tiny_2,
          grunt_pakellas_salt
D:3:      gammafunk_temple_overflow_elements, lemuel_round_altar, uniq_grinder

Skill      XL: |  1  2  3 |
---------------+----------+-----
Shields        | 4 |  4.3
Dodging        | 1 |  1.0
Fighting       | |  3.6
Maces & Flails | |  2.2
Armour         | |  3.8

Action                   |  1- 3 |  4- 6 || total
-------------------------+-------+-------++-------
Melee: Flail             |   166 |    29 ||   195
  Use: Scroll            |    10 |       ||    10
       Potion            |     1 |     2 ||     3
  Eat: Meat ration       |     1 |       ||     1
Armor: Scale mail        |   106 |     8 ||   114
Dodge: Dodged            |    55 |     4 ||    59
Block: Shield            |   113 |    21 ||   134
